EL
COLUMBIA FIREFLIES @ TULSA DRILLERS
09/13/2049
 
TOP OF THE 1ST
Columbia Fireflies batting - Pitching for Tulsa Drillers : RHP Guy Jerome
Pitching: RHP Guy Jerome
Batting: SHB Detlef Oursler 0-0: Ball
1-0: Ball
2-0: Ball
3-0: Called Strike
3-1: Base on Balls
Batting: RHB Larry Shoop 0-0: Ball
Detlef Oursler steals 2nd base (no throw)
1-0: Foul Ball, location: 2F
1-1: Ball
Detlef Oursler steals 3rd base
2-1: Ball
3-1: Ground out 4-3 (Groundball, 4, EV 81.2 MPH)
Detlef Oursler scores
Batting: LHB Bayesa Mundhir 0-0: Ball
1-0: Ball
2-0: Ball
3-0: Called Strike
3-1: Base on Balls
Batting: LHB Tony Leyba Pickoff Throw to First - Out! 1-3
0-0: Ground out 5-3 (Groundball, 56S, EV 71.2 MPH)
Top of the 1st over - 1 run, 0 hits, 0 errors, 0 left on base; Columbia 1 - Tulsa 0
BOTTOM OF THE 1ST
Tulsa Drillers batting - Pitching for Columbia Fireflies : RHP Raymundo Pato
Pitching: RHP Raymundo Pato
Batting: LHB Cory Bowler 0-0: Ball
1-0: Foul Ball, location: 2F
1-1: Foul Ball, location: 2F
1-2: Foul Ball, location: 2F
1-2: Strikes out swinging
Batting: RHB Justin Curran 0-0: Foul Ball, location: 2F
0-1: Ball
1-1: Swinging Strike
1-2: Foul Ball, location: 2F
1-2: Strikes out swinging
Batting: LHB Bobby Gonzalez 0-0: Ball
1-0: Foul Ball, location: 2F
1-1: Swinging Strike
1-2: Ball
2-2: Strikes out swinging
Bottom of the 1st over - 0 runs, 0 hits, 0 errors, 0 left on base; Columbia 1 - Tulsa 0
TOP OF THE 2ND
Columbia Fireflies batting - Pitching for Tulsa Drillers : RHP Guy Jerome
Batting: LHB Dan Bremseth 0-0: Called Strike
0-1: Foul Ball, location: 2F
0-2: Ball
1-2: Fly out, F8 (Flyball, 8LD, EV 89.4 MPH)
Batting: SHB Jerry Burrows 0-0: Foul Ball, location: 2F
0-1: Foul Ball, location: 2F
0-2: Ball
1-2: Strikes out looking
Batting: LHB Miguel Ramos 0-0: Ball
1-0: Ball
2-0: Foul Ball, location: 2F
2-1: Ball
3-1: Called Strike
3-2: Ground out 6-3 (Groundball, 4M, EV 83.1 MPH)
Top of the 2nd over - 0 runs, 0 hits, 0 errors, 0 left on base; Columbia 1 - Tulsa 0
BOTTOM OF THE 2ND
Tulsa Drillers batting - Pitching for Columbia Fireflies : RHP Raymundo Pato
Batting: LHB Umar Matoub 0-0: Ball
1-0: Foul Ball, location: 2F
1-1: Swinging Strike
1-2: Foul Ball, location: 2F
1-2: Foul Ball, location: 2F
1-2: Ball
2-2: Foul Ball, location: 2F
2-2: Foul Ball, location: 2F
2-2: Strikes out swinging
Batting: SHB Guy Jerome 0-0: Ball
1-0: Ball
2-0: Ball
3-0: Called Strike
3-1: Foul Ball, location: 2F
3-2: Ground out 6-3 (Groundball, 6, EV 81.9 MPH)
Batting: RHB Jerry Blas 0-0: Ground out 5-3 (Groundball, 15, EV 83.1 MPH)
Bottom of the 2nd over - 0 runs, 0 hits, 0 errors, 0 left on base; Columbia 1 - Tulsa 0
TOP OF THE 3RD
Columbia Fireflies batting - Pitching for Tulsa Drillers : RHP Guy Jerome
Batting: RHB Ryan Marler 0-0: Ball
1-0: Ball
2-0: Foul Ball, location: 2F
2-1: Ball
3-1: Base on Balls
Batting: RHB Gary Hills 0-0: Foul Ball, location: 2F
0-1: Ball
1-1: Called Strike
1-2: Strikes out swinging
Batting: SHB Detlef Oursler 0-0: Called Strike
0-1: Ball
1-1: Called Strike
1-2: Strikes out swinging
Batting: RHB Larry Shoop 0-0: Ball
1-0: Swinging Strike
1-1: Swinging Strike
1-2: Strikes out looking
Top of the 3rd over - 0 runs, 0 hits, 0 errors, 1 left on base; Columbia 1 - Tulsa 0
BOTTOM OF THE 3RD
Tulsa Drillers batting - Pitching for Columbia Fireflies : RHP Raymundo Pato
Batting: LHB Randy Boone 0-0: Foul Ball, location: 2F
0-1: Ground out 4-3 (Groundball, 4, EV 103.1 MPH)
Batting: LHB Joe Phillips 0-0: SINGLE (Groundball, 34D, EV 94.4 MPH)
Batting: RHB Perry Dominey 0-0: Ball
Pickoff Throw to First - Out! 1-3
1-0: Foul Ball, location: 2F
1-1: Foul Ball, location: 2F
1-2: Ball
2-2: Ground out 5-3 (Groundball, 56, EV 90.0 MPH)
Bottom of the 3rd over - 0 runs, 1 hit, 0 errors, 0 left on base; Columbia 1 - Tulsa 0
TOP OF THE 4TH
Columbia Fireflies batting - Pitching for Tulsa Drillers : RHP Guy Jerome
Batting: LHB Bayesa Mundhir 0-0: Ball
1-0: Ball
2-0: Foul Ball, location: 2F
2-1: Foul Ball, location: 2F
2-2: Strikes out looking
Batting: LHB Tony Leyba 0-0: Foul Ball, location: 2F
0-1: Fly out, F7 (Flyball, 7, EV 87.5 MPH)
Batting: LHB Dan Bremseth 0-0: Ball
1-0: Fly out, F8 (Line Drive, 8RD, EV 91.9 MPH)
Top of the 4th over - 0 runs, 0 hits, 0 errors, 0 left on base; Columbia 1 - Tulsa 0
BOTTOM OF THE 4TH
Tulsa Drillers batting - Pitching for Columbia Fireflies : RHP Raymundo Pato
Batting: LHB Cory Bowler 0-0: Ball
1-0: Foul Ball, location: 2F
1-1: Foul Ball, location: 2F
1-2: Hit by Pitch
Batting: RHB Justin Curran 0-0: Foul Ball, location: 2F
0-1: Fielders Choice at 2nd, 4-6 (Groundball, 4, EV 80.6 MPH)
Batting: LHB Bobby Gonzalez 0-0: Ball
Justin Curran steals 2nd base
1-0: Ball
2-0: Fly out, F8 (Flyball, 8LXD, EV 91.9 MPH)
Runner from 2nd tags up, SAFE at 3rd, no throw by CF
Batting: LHB Umar Matoub 0-0: Called Strike
0-1: Ball
1-1: Called Strike
1-2: Foul Ball, location: 2F
1-2: Ground out U3 (Groundball, 3, EV 86.2 MPH)
Bottom of the 4th over - 0 runs, 0 hits, 0 errors, 1 left on base; Columbia 1 - Tulsa 0
TOP OF THE 5TH
Columbia Fireflies batting - Pitching for Tulsa Drillers : RHP Guy Jerome
Batting: SHB Jerry Burrows 0-0: Foul Ball, location: 2F
0-1: Ball
1-1: Ball
2-1: Fly out, F9 (Line Drive, 9, EV 100.0 MPH)
Batting: LHB Miguel Ramos 0-0: Ball
1-0: Swinging Strike
1-1: Called Strike
1-2: Ball
2-2: Foul Ball, location: 2F
2-2: Strikes out looking
Batting: RHB Ryan Marler 0-0: Called Strike
0-1: SINGLE (Groundball, 6MD, EV 96.2 MPH)
Batting: RHB Gary Hills 0-0: Called Strike
0-1: Called Strike
0-2: Fielders Choice at 2nd, 6-4 (Groundball, 6, EV 98.1 MPH)
Top of the 5th over - 0 runs, 1 hit, 0 errors, 1 left on base; Columbia 1 - Tulsa 0
BOTTOM OF THE 5TH
Tulsa Drillers batting - Pitching for Columbia Fireflies : RHP Raymundo Pato
Batting: SHB Guy Jerome 0-0: SINGLE (Line Drive, 9S, EV 86.9 MPH)
Batting: RHB Jerry Blas 0-0: Called Strike
0-1: Ball
1-1: Ball
2-1: Ball
3-1: Base on Balls
Guy Jerome to second
Batting: LHB Randy Boone 0-0: Ball
1-0: Foul Ball, location: 2F
1-1: Ball
2-1: Ball
3-1: Called Strike
3-2: Foul Ball, location: 2F
3-2: Grounds into double play, 6-4-3 (Groundball, 6, EV 83.1 MPH)
Guy Jerome to third
Batting: LHB Joe Phillips 0-0: Ground out U3 (Groundball, 3, EV 101.9 MPH)
Bottom of the 5th over - 0 runs, 1 hit, 0 errors, 1 left on base; Columbia 1 - Tulsa 0
TOP OF THE 6TH
Columbia Fireflies batting - Pitching for Tulsa Drillers : RHP Guy Jerome
Batting: SHB Detlef Oursler 0-0: Called Strike
0-1: Ball
1-1: Foul Ball, location: 2F
1-2: Ball
2-2: Strikes out swinging
Batting: RHB Larry Shoop 0-0: Called Strike
0-1: Ball
1-1: Called Strike
1-2: Ball
2-2: Foul Ball, location: 2F
2-2: Ball
3-2: Strikes out swinging
Batting: LHB Bayesa Mundhir 0-0: Ball
1-0: Called Strike
1-1: Foul Ball, location: 2F
1-2: Ball
2-2: Foul Ball, location: 2F
2-2: Ball
3-2: Ground out 6-3 (Groundball, 6, EV 84.4 MPH)
Top of the 6th over - 0 runs, 0 hits, 0 errors, 0 left on base; Columbia 1 - Tulsa 0
BOTTOM OF THE 6TH
Tulsa Drillers batting - Pitching for Columbia Fireflies : RHP Raymundo Pato
Batting: RHB Perry Dominey 0-0: Ball
1-0: Foul Ball, location: 2F
1-1: Ground out 6-3 (Groundball, 6, EV 83.1 MPH)
Batting: LHB Cory Bowler 0-0: Fly out, F8 (Flyball, 8LS, EV 87.5 MPH)
Batting: RHB Justin Curran 0-0: DOUBLE (Line Drive, 7LD, EV 101.9 MPH)
Batting: LHB Bobby Gonzalez 0-0: Called Strike
0-1: Ball
1-1: Foul Ball, location: 2F
1-2: Foul Ball, location: 2F
1-2: Ball
2-2: Fly out, F8 (Flyball, 8LM, EV 88.8 MPH)
Bottom of the 6th over - 0 runs, 1 hit, 0 errors, 1 left on base; Columbia 1 - Tulsa 0
TOP OF THE 7TH
Columbia Fireflies batting - Pitching for Tulsa Drillers : RHP Guy Jerome
Pitching: RHP Jose Tavira
Batting: LHB Tony Leyba 0-0: Swinging Strike
0-1: Foul Ball, location: 2F
0-2: Foul Ball, location: 2F
0-2: Foul Ball, location: 2F
0-2: Ground out 4-3 (Groundball, 4, EV 87.5 MPH)
Batting: LHB Dan Bremseth 0-0: Called Strike
0-1: Ball
1-1: Ground out 6-3 (Groundball, P, EV 90.0 MPH)
Batting: SHB Jerry Burrows 0-0: Swinging Strike
0-1: Ball
1-1: Swinging Strike
1-2: Strikes out swinging
Top of the 7th over - 0 runs, 0 hits, 0 errors, 0 left on base; Columbia 1 - Tulsa 0
BOTTOM OF THE 7TH
Tulsa Drillers batting - Pitching for Columbia Fireflies : RHP Raymundo Pato
Batting: LHB Umar Matoub 0-0: Called Strike
0-1: Called Strike
0-2: Strikes out looking
Batting: SHB Guy Jerome 0-0: Ball
1-0: Ball
2-0: Fly out, F7 (Flyball, 7, EV 88.8 MPH)
Batting: RHB Jerry Blas 0-0: Ball
1-0: SINGLE (Line Drive, 7S, EV 100.0 MPH)
Batting: LHB Randy Boone 0-0: Ball
1-0: Foul Ball, location: 2F
1-1: Ball
2-1: Called Strike
2-2: Foul Ball, location: 2F
2-2: Ground out U3 (Groundball, 3, EV 83.8 MPH)
Bottom of the 7th over - 0 runs, 1 hit, 0 errors, 1 left on base; Columbia 1 - Tulsa 0
TOP OF THE 8TH
Columbia Fireflies batting - Pitching for Tulsa Drillers : RHP Jose Tavira
Batting: LHB Miguel Ramos 0-0: Ball
1-0: Ball
2-0: Ball
3-0: Called Strike
3-1: Swinging Strike
3-2: Strikes out swinging
Batting: RHB Ryan Marler 0-0: Ball
1-0: Called Strike
1-1: Ground out 6-3 (Groundball, 6, EV 105.6 MPH)
Batting: RHB Gary Hills 0-0: Ball
1-0: Swinging Strike
1-1: DOUBLE (Line Drive, 9LM, EV 113.8 MPH)
Batting: SHB Detlef Oursler 0-0: Ball
1-0: Foul Ball, location: 2F
1-1: Ball
2-1: Foul Ball, location: 2F
2-2: Foul Ball, location: 2F
2-2: Ball
3-2: Strikes out swinging
Top of the 8th over - 0 runs, 1 hit, 0 errors, 1 left on base; Columbia 1 - Tulsa 0
BOTTOM OF THE 8TH
Tulsa Drillers batting - Pitching for Columbia Fireflies : RHP Raymundo Pato
Batting: LHB Joe Phillips 0-0: Called Strike
0-1: Ball
1-1: Foul Ball, location: 2F
1-2: Strikes out swinging
Pitching: RHP Justin Wilkins
Pinch Hitting: LHB Nate Kee 0-0: Called Strike
0-1: Called Strike
0-2: Strikes out swinging
Batting: LHB Cory Bowler 0-0: Foul Ball, location: 2F
0-1: Called Strike
0-2: Ground out 4-3 (Groundball, 4, EV 106.9 MPH)
Bottom of the 8th over - 0 runs, 0 hits, 0 errors, 0 left on base; Columbia 1 - Tulsa 0
TOP OF THE 9TH
Columbia Fireflies batting - Pitching for Tulsa Drillers : RHP Jose Tavira
Pitching: RHP Jeff Dailey
Now in LF: Nate Kee
Now in CF: Bobby Gonzalez
Batting: RHB Larry Shoop 0-0: Called Strike
0-1: Ball
1-1: Ball
2-1: Called Strike
2-2: Strikes out swinging
Batting: LHB Bayesa Mundhir 0-0: Ball
1-0: Ball
2-0: Called Strike
2-1: Swinging Strike
2-2: SINGLE (Groundball, 4D, EV 102.5 MPH)
Batting: LHB Tony Leyba 0-0: Called Strike
0-1: Ball
1-1: Ball
2-1: Ball
3-1: Foul Ball, location: 2F
3-2: Reached on error, E5 (Groundball, 56, EV 105.6 MPH)
Bayesa Mundhir to second
Batting: LHB Dan Bremseth 0-0: Fielders Choice at 2nd, 6-4 (Groundball, 6S, EV 78.8 MPH)
Bayesa Mundhir to third
Batting: SHB Jerry Burrows 0-0: Foul Ball, location: 2F
0-1: Called Strike
Dan Bremseth is caught stealing 2nd base 2-6
Top of the 9th over - 0 runs, 1 hit, 1 error, 1 left on base; Columbia 1 - Tulsa 0
BOTTOM OF THE 9TH
Tulsa Drillers batting - Pitching for Columbia Fireflies : RHP Justin Wilkins
Batting: RHB Justin Curran 0-0: Ball
1-0: Called Strike
1-1: Fly out, F4 (Line Drive, 4, EV 64.4 MPH)
Batting: LHB Bobby Gonzalez 0-0: Called Strike
0-1: Ball
1-1: Ball
2-1: Ball
3-1: Called Strike
3-2: Strikes out looking
Batting: LHB Umar Matoub 0-0: Swinging Strike
0-1: Foul Ball, location: 2F
0-2: Foul Ball, location: 2F
0-2: Ball
1-2: Strikes out swinging
Bottom of the 9th over - 0 runs, 0 hits, 0 errors, 0 left on base; Columbia 1 - Tulsa 0
Sunday, July 16th , 2023 - OOTP Baseball 24.6 Build 69